 Dungeon Sprint DCSS version 0.30-a0-920-g7493c07aab (webtiles) character file.

Game seed: 14430028896467929279

2244 Atreus the Fighter (level 9, -1/99 HPs)
             Began as an Armataur Berserker on Mar 21, 2023.
             Was a High Priest of Trog.
             Slain by a flying skull (10 damage)
             ... in the Dungeon (Sprint II: "The Violet Keep of Menkaure").
             The game lasted 00:01:50 (806 turns).

Atreus the Fighter (Armataur Berserker)              Turns: 806, Time: 00:01:51

Health: -1/99      AC:  4    Str: 24    XL:     9   Next: 14%
Magic:  9/9        EV:  9    Int:  9    God:    Trog [*****.]
Gold:   729        SH:  0    Dex:  9    Spells: 8/8 levels left

rFire   . . .      SeeInvis .    a - +0 hand axe
rCold   . . .      Faith    .    (no shield)
rNeg    . . .      Spirit   .    b - +0 animal skin
rPois   .          Reflect  .    (no helmet)
rElec   .          Roll     +    (no cloak)
rCorr   .          NoTele   +    (no gloves)
Will    .....                    (no barding)
Stlth   ++                       (no amulet)
HPRegen 0.36/turn                (no ring)
MPRegen 0.11/turn                (no ring)

@: on berserk cooldown, slowed, very slow
A: large, rugged brown scales 3, deformed body, armoured tail, roll, long
tongue, awkward tongue, weak 1
a: Renounce Religion, Berserk, Trog's Hand, Brothers in Arms


You were in the Dungeon.
You worshipped Trog.
Trog was extremely pleased with you.
You visited 1 branch You collected 729 gold pieces.

Inventory:

Hand Weapons
 a - a +0 hand axe (weapon)
Armour
 b - a +0 animal skin (worn)
Scrolls
 h - a scroll of blinking
Potions
 e - a potion of haste
 f - 2 potions of magic
 g - a potion of berserk rage


   Skills:
 + Level 13.0 Fighting
 + Level 11.7 Axes
 * Level 9.5 Armour
 - Level 1.3 Dodging
 - Level 2.0 Stealth


You had 8 spell levels left.
You didn't know any spells.
Your spell library was empty.

Dungeon Overview and Level Annotations

Branches:
Dungeon (1/1)

Altars:
Ru
Wu Jian
Xom
The Shining One


Innate Abilities, Weirdness & Mutations

You are completely covered in rugged brown scales. (AC +3, +7% HP)
Armour fits poorly on your strangely shaped body.
You have a long armoured tail.
You roll when moving toward enemies. (Rampage)
Your long tongue fully drains potion bottles. (2x potion effects)
Your tongue gives you trouble enunciating. (1.5x scroll delay)
You are weak. (Str -2)


Message History

The flying skull is heavily damaged.
The flying skull hits you but does no damage.
You hit the flying skull.
The flying skull is severely damaged.
Really roll into a travel-excluded area? [Y]es or [N]o only, please.
Really roll into a travel-excluded area? [Y]es or [N]o only, please.
Really roll into a travel-excluded area? [Y]es or [N]o only, please.
Really roll into a travel-excluded area?
You roll towards the flying skull!
You barely miss the flying skull.
You hit the flying skull but do no damage.
You slash the flying skull! You miss the flying skull.
You closely miss the flying skull.
You hit the flying skull but do no damage.
The flying skull hits you. The flying skull completely misses you.
The flying skull hits you but does no damage.
You closely miss the flying skull. You tail-slap the flying skull.
You punch the flying skull.
The flying skull is heavily damaged.
You miss the flying skull. You barely miss the flying skull.
The flying skull hits you.
The flying skull hits you but does no damage.
The flying skull hits you!
You hit the flying skull but do no damage.
The flying skull is heavily damaged.
You hit the flying skull but do no damage.
You hit the flying skull. The flying skull hits you. The flying skull hits you!
* * * LOW HITPOINT WARNING * * *
You are no longer berserk.
You are exhausted.
You feel yourself slow down. The flying skull hits you.
* * * LOW HITPOINT WARNING * * *
The flying skull misses you. The flying skull hits you.
* * * LOW HITPOINT WARNING * * *
The flying skull hits you.
* * * LOW HITPOINT WARNING * * *
The flying skull hits you!
You die...

.°○°°° .°○○°○ ...°○.
S#''○# .°... '##..
#.##z#### ##..#zzz@#
## #..####z.## #.#
#'###.##..#
#.##.##...#..#
#'.<÷')#.'..###
###.##...#....#
##†###.##.§....~~~~
##.#†####~§§§.§.~#'#
#.###.#~~§§~~~..~#..


You could see 5 flying skulls.

Vanquished Creatures
  A merfolk siren (D)
  6 flying skulls (D)
  2 wyverns (D)
  3 neqoxecs (D)
  Menkaure (D)
  2 water moccasins (D)
  2 worms (D)
17 creatures vanquished.

Vanquished Creatures (others)
  A neqoxec (D)
  A worm (D)
2 creatures vanquished.

Grand Total: 19 creatures vanquished

Notes
Turn   | Place    | Note
-------+----------+-------------------------------------------
     0 | D        | Atreus the Armataur Berserker began the quest for the Orb.
     0 | D        | Reached XP level 1. HP: 19/19 MP: 1/1
     1 | D        | Noticed a merfolk siren
     9 | D        | Killed a merfolk siren
    10 | D        | Reached skill level 8 in Fighting
    10 | D        | Reached XP level 2. HP: 10/38 MP: 2/2
    10 | D        | Reached XP level 3. HP: 11/43 MP: 3/3
    10 | D        | Reached XP level 4. HP: 14/52 MP: 4/4
    10 | D        | Reached XP level 5. HP: 16/59 MP: 5/5
    10 | D        | Reached XP level 6. HP: 18/66 MP: 6/6
   191 | D        | Noticed a neqoxec
   192 | D        | Noticed a neqoxec
   206 | D        | Killed a neqoxec
   206 | D        | Reached ** piety under Trog
   207 | D        | Reached skill level 9 in Fighting
   207 | D        | Gained mutation: You are weak. (Str -2) [a neqoxec]
   209 | D        | Killed a neqoxec
   210 | D        | Reached skill level 10 in Fighting
   210 | D        | Reached skill level 1 in Stealth
   210 | D        | Reached XP level 7. HP: 77/77 MP: 7/7
   250 | D        | Noticed a neqoxec
   260 | D        | Killed a neqoxec
   260 | D        | Reached *** piety under Trog
   307 | D        | Noticed a flying skull
   307 | D        | Noticed a flying skull
   307 | D        | Noticed a flying skull
   317 | D        | Killed a flying skull
   318 | D        | Reached skill level 11 in Fighting
   322 | D        | Killed a flying skull
   323 | D        | Reached skill level 10 in Axes
   323 | D        | Reached XP level 8. HP: 87/87 MP: 8/8
   346 | D        | Reached **** piety under Trog
   593 | D        | Noticed Menkaure
   601 | D        | Killed Menkaure
   602 | D        | Reached skill level 12 in Fighting
   609 | D        | Noticed a flying skull
   677 | D        | Noticed a flying skull
   755 | D        | Found a glowing golden altar of the Shining One.
   755 | D        | Found an ornate altar of the Wu Jian Council.
   756 | D        | Found a shimmering altar of Xom.
   756 | D        | Found a sacrificial altar of Ru.
   756 | D        | Noticed a flying skull
   771 | D        | Killed a flying skull
   777 | D        | Noticed a flying skull
   783 | D        | Killed a flying skull
   784 | D        | Killed a flying skull
   784 | D        | Reached ***** piety under Trog
   785 | D        | Reached XP level 9. HP: 87/98 MP: 9/9
   793 | D        | Reached skill level 13 in Fighting
   806 | D        | Slain by a flying skull

Illustrated notes

Levels and vault maps discovered:
D:        the_violet_keep_of_menkaure [sprint2_stairs_cluster_1,
          sprint2_shoproom, sprint2_temple, sprint2_basic_supplies,
          sprint2_obstacle_7, sprint2_obstacle_6, sprint2_obstacle_1,
          sprint2_obstacle_5, sprint2_obstacle_4, sprint2_timed_cluster_1,
          sprint2_smallroom_cluster_1, sprint2_smallroom_final_cluster_1,
          sprint2_transparent_cluster_1, sprint2_second_timed_cluster_1,
          sprint2_sniper_area_1, sprint2_heavy_combat_area_1,
          sprint2_mutation_trap_area_1, sprint2_forest_area_1,
          sprint2_light_combat_area_1, sprint2_behind_water_1,
          sprint2_near_end_vault_1]

Skill      XL: |  1  2  3  4  5  6  7  8  9 |
---------------+----------------------------+-----
Fighting       | 8 10 11 12 13 | 13.0
Axes           | 7 9 10 11 | 11.7
Armour         | 6 7 9 |  9.5
Stealth        | 1 2 |  2.0
Dodging        | |  1.3

Action                     |  1- 3 |  4- 6 |  7- 9 || total
---------------------------+-------+-------+-------++-------
  Melee: Hand axe          |     7 |    15 |    84 ||   106
         Tailslap          |     1 |     3 |     9 ||    13
         Punch             |       |     1 |     1 ||     2
 Invoke: Berserk           |     1 |     1 |     4 ||     6
    Use: Potion            |       |     1 |     1 ||     2
 Armour: Animal skin       |       |     2 |    13 ||    15
  Dodge: Dodged            |     2 |       |    20 ||    22

Table legend: (Time is in decaauts)
 A = Elapsed time spent in this place.
 B = Non-inter-level travel time spent in this place.
 C = Inter-level travel time spent in this place.
 D = Time resting spent in this place.
 E = Time spent auto-exploring this place.
 F = Levels seen in this place.
 G = Mean time per level.
                   A        B        C        D        E       F      G
               +--------+--------+--------+--------+--------+-----+--------+
         Total |    817 |    815 |      2 |    661 |      0 |   1 |  817.0 |
       Dungeon |    817 |    815 |      2 |    661 |      0 |   1 |  817.0 |
               +--------+--------+--------+--------+--------+-----+--------+

Top non-repeatable levels by time:
       D: 817 daAuts
